 Dungeon Crawl Stone Soup version 0.29.0-4-gdea44cf6ec (webtiles) character file.

Game seed: 4870792945357311792

10 qw the Sneak (level 2, -6/14 HPs)
             Began as a Felid Delver on Aug 27, 2022.
             Killed by divine providence
             ... invoked by an orc priest
              (10 damage)
             ... on level 4 of the Dungeon.
             The game lasted 00:00:01 (321 turns).

qw the Sneak (Felid Delver)                          Turns: 321, Time: 00:00:02

Health: -6/14      AC:  1    Str:  8    XL:     2   Next: 10%
Magic:  3/3        EV: 17    Int: 11    God:
Gold:   26         SH:  0    Dex: 17    Spells: 1/1 levels left
                                        Lives:  0   Deaths: 0

rFire   . . .      SeeInvis +     - Unarmed
rCold   . . .      Faith    .   (shield unavailable)
rNeg    . . .      Spirit   .   (body armour unavailable)
rPois   .          Reflect  .   (helmet unavailable)
rElec   .          Harm     .   (cloak unavailable)
rCorr   .          Rampage  .   (gloves unavailable)
Will    .....                   (boots unavailable)
Stlth   +++.......              (no amulet)
HPRegen 0.04/turn               (no ring)
MPRegen 0.08/turn               (no ring)

@: quick
A: very small, claws 1, fangs 3, see invisible, speed 1, shaggy fur 1, stealthy
paws, no weapons or thrown items, no armour, multi-lived
a: no special abilities


You were on level 4 of the Dungeon.
You visited 1 branch of the dungeon, and saw 2 of its levels.

You collected 26 gold pieces.


Innate Abilities, Weirdness & Mutations

You have sharp claws.
You have razor-sharp teeth.
You have supernaturally acute eyesight. (SInv)
You cover ground quickly. (Speed+)
You are covered in fur. (AC +1)
Your paws help you pounce on unaware monsters.
You are incapable of wielding weapons or throwing items.
You cannot wear armour.
You gain extra lives every three experience levels.


   Skills:
 - Level 3.0 Fighting
 - Level 2.6 Dodging
 - Level 6.6 Stealth
 + Level 2.8 Unarmed Combat


You had one spell level left.
You didn't know any spells.
Your spell library was empty.

Inventory:

Wands
 e - a wand of digging (3)
Potions
 a - 2 potions of might {unknown}
 d - a potion of haste

Dungeon Overview and Level Annotations

Branches:
Dungeon (5/15)
 Temple: D:4-7

Altars:


Message History

You scratch the orc but do no damage. Your bite misses the orc.
The orc is lightly wounded.
The orc closely misses you.
You scratch the orc but do no damage.
The orc is lightly wounded.
The orc closely misses you.
The orc priest shouts!
You scratch the orc but do no damage.
The orc is lightly wounded.
The orc barely misses you.
You scratch the orc.
The orc is moderately wounded.
The orc misses you.
You scratch the orc but do no damage. You bite the orc, but do no damage.
The orc is moderately wounded.
An orc comes into view. It is wielding a +0 club.
The orc misses you.
You scratch the orc but do no damage.
The orc is moderately wounded.
You scratch the orc.
The orc is lightly wounded.
You scratch the orc.
The orc is severely wounded.
You scratch the orc.
The orc is severely wounded.
The orc priest miscasts a cantrip.
The orc barely misses you.
You completely miss the orc.
The orc is severely wounded.
The orc hits you with a +0 club.
You closely miss the orc.
The orc is severely wounded.
An orc comes into view. It is wielding a +0 flail.
The orc hits you with a +0 club.
You claw the orc!
You kill the orc!
The orc priest calls down the wrath of Beogh upon you.
Beogh smites you!
Ouch! That really hurt!
You die...

#.# #.# ..# #.#
### #.# #.# #)#
#.### #.#..
#.#.# #@#.#
#######)#.###.#
.......oo...o.#
#######.#.#####
#.#.# #.#.#
#.#.# #.#.#
#.#.#


You could see an orc priest and an orc.

Vanquished Creatures
  2 orcs (D:4)
  An endoplasm (D:4)
  3 jackals (D:4)
  A kobold (D:4)
  A quokka (D:4)
8 creatures vanquished.

Notes
Turn   | Place    | Note
-------+----------+-------------------------------------------
     0 | D:5      | qw the Felid Delver began the quest for the Orb.
     0 | D:5      | Reached XP level 1. HP: 10/10 MP: 2/2
     0 | D:5      | 0 ||| qw: Version: 0.1-a-89-g26bdef1
     0 | D:5      | 0 ||| qw: Game counter: 52
     0 | D:5      | 0 ||| qw: Always use a shield: true
     0 | D:5      | 0 ||| qw: God list: Okawaru, Trog
     0 | D:5      | 0 ||| qw: Allow faded altars: false
     0 | D:5      | 0 ||| qw: Do Orc after D:15 true
     0 | D:5      | 0 ||| qw: Do second Lair branch before Depths: true
     0 | D:5      | 0 ||| qw: Lair rune preference: random
     0 | D:5      | 0 ||| qw: Plans: Normal
     0 | D:5      | 0 ||| PLANNING D:1-11
     0 | D:5      | 0 ||| DROPPING scroll of fog.
     1 | D:5      | 1 ||| DROPPING scroll of magic mapping.
     2 | D:5      | 2 ||| DROPPING scroll of fear.
    12 | D:4      | 12 ||| Stepping ~*~*~tactically~*~*~ (stealth).
    17 | D:4      | 17 ||| Stepping ~*~*~tactically~*~*~ (stealth).
    22 | D:4      | 22 ||| Stepping ~*~*~tactically~*~*~ (stealth).
    26 | D:4      | 26 ||| Stepping ~*~*~tactically~*~*~ (stealth).
    38 | D:4      | 38 ||| Stepping ~*~*~tactically~*~*~ (stealth).
    39 | D:4      | 39 ||| Stepping ~*~*~tactically~*~*~ (stealth).
    40 | D:4      | 40 ||| Stepping ~*~*~tactically~*~*~ (stealth).
   272 | D:4      | Reached XP level 2. HP: 14/14 MP: 3/3
   307 | D:4      | 307 ||| Stepping ~*~*~tactically~*~*~ (stealth).
   308 | D:4      | 308 ||| Stepping ~*~*~tactically~*~*~ (stealth).
   321 | D:4      | Killed from afar by an orc priest

Levels and vault maps discovered:
D:4:      layout_basic, serial_bayou_lagoon_a
D:5:      layout_loops_corners, mainiacjoe_overflow_brackets, uniq_ijyb,
          uniq_grinder, uniq_eustachio

Action                   || total
-------------------------++-------
Melee: Unarmed           ||    30
       Bite              ||     3
 Stab: Sleeping          ||     1
Dodge: Dodged            ||    13

Table legend:
 A = Non-vault XP
 B = Vault XP
 C = Vault XP percentage of total XP
 D = Non-vault monster count
 E = Vault monster count
 F = Vault count percentage of total count
                 A         B        C        D         E       F
            +---------+---------+-------+---------+---------+-------
      Total |      18 |       0 |   0.0 |       8 |       0 |   0.0
            +---------+---------+-------+---------+---------+-------
        D:4 |      18 |       0 |   0.0 |       8 |       0 |   0.0
            +---------+---------+-------+---------+---------+-------
